 Dungeon Crawl Stone Soup version 0.29-a0-857-g9b1aa3ac5b (webtiles) character file.

Game seed: 10617096352716350662

3111 HoaS the Skirmisher (level 9, -5/48 HPs)
             Began as a Gargoyle Hunter on July 16, 2022.
             Was an Initiate of Okawaru.
             Slain by Duvessa
             ... wielding a +3 rapier of protection
              (13 damage)
             ... on level 7 of the Dungeon.
             The game lasted 00:11:40 (6595 turns).

HoaS the Skirmisher (Gargoyle Hunter)               Turns: 6595, Time: 00:11:40

Health: -5/48      AC: 15    Str: 16    XL:     9   Next: 91%
Magic:  10/10      EV: 12    Int:  9    God:    Okawaru [......]
Gold:   397        SH:  0    Dex: 17    Spells: 8/8 levels left

rFire   . . .      SeeInvis .   a - +3 shortbow (vorpal)
rCold   + . .      Faith    .   (shield currently unavailable)
rNeg    + . .      Spirit   .   o - +0 steam dragon scales
rPois   ∞          Reflect  .   (no helmet)
rElec   +          Harm     .   (no cloak)
rCorr   .          Rampage  .   (no gloves)
Will    .....                   (no boots)
Stlth   ++........              (no amulet)
HPRegen 0.16/turn               f - ring of Dacarph {Fly rC+}
MPRegen 0.12/turn               q - +4 ring of protection

@: flying
A: sickness immunity, AC +6, negative energy resistance 1, electricity
resistance, torment resistance 1, petrification resistance
a: Renounce Religion


You were on level 7 of the Dungeon.
You worshipped Okawaru.
Okawaru was noncommittal.
You visited 2 branches of the dungeon, and saw 8 of its levels.

You collected 397 gold pieces.

Inventory:

Hand Weapons
 a - a +3 vorpal shortbow (weapon)
Armour
 o - +0 steam dragon scales (worn)
Jewellery
 f - the ring of Dacarph (left hand) {Fly rC+}
   (You found it on level 3 of the Dungeon)

   [ring of flight]

   rC:        It protects you from cold.
   Fly:       It grants you flight.
 q - a +4 ring of protection (right hand)
Wands
 k - a wand of quicksilver (3)
 l - a wand of iceblast (7)
Scrolls
 b - a scroll of immolation
 j - 3 scrolls of identify
 m - 5 scrolls of fog
 s - a scroll of silence {unknown}
Potions
 d - 3 potions of ambrosia
 e - a potion of mutation
 g - 7 potions of curing
 h - a potion of attraction
 r - a potion of cancellation


   Skills:
 - Level 2.1 Fighting
 * Level 13.7 Ranged Weapons
 - Level 1.5 Dodging
 - Level 1.1 Stealth
 + Level 2.1 Invocations


You had 8 spell levels left.
You didn't know any spells.
Your spell library contained the following spells:

 Spells                   Type           Power      Damage    Failure   Level
 Apportation              Tloc           0%         N/A       38%         1
 Necrotise                Necr           0%         1d4       38%         1
 Blink                    Tloc           0%         N/A       52%         2
 Poisonous Vapours        Pois/Air       0%         N/A       52%         2
 Scorch                   Fire           0%         2d5       52%         2
 Ozocubu's Armour         Ice            0%         N/A       77%         3
 Corpse Rot               Necr/Pois/Air  0%         N/A       99%         4
 Flame Wave               Conj/Fire      0%         2d4       99%         4
 Manifold Assault         Tloc           0%         N/A       100%        5
 Metabolic Englaciation   Hex/Ice        0%         N/A       100%        5
 Storm Form               Tmut/Air       0%         N/A       100%        7
 Summon Small Mammal      Summ           Unusable   N/A       N/A         1
 Simulacrum               Ice/Necr       Unusable   N/A       N/A         6
 Summon Cactus Giant      Summ           Unusable   N/A       N/A         6

Dungeon Overview and Level Annotations

Branches:
Dungeon (7/15)             Temple (1/1) D:6

Altars:
Ashenzari
Cheibriados
Dithmenos
Gozag
Hepliaklqana
Kikubaaqudgha
Makhleb
Okawaru
Ru
Sif Muna
Trog
Uskayaw
Vehumet
Wu Jian
Xom
Yredelemnul
Zin
The Shining One

Annotations:
D:4 3 runed translucent doors, eyesofgods1's ghost, amateur OpGl
D:7 Duvessa


Innate Abilities, Weirdness & Mutations

You are immune to sickness and miasma.
Your stone body is resilient. (AC +6)
You are immune to poison.
You resist negative energy. (rN+)
You are resistant to electric shocks. (rElec)
You are resistant to unholy torment.
You are immune to petrification.


Message History

Duvessa is moderately wounded.
Duvessa struggles against the net.
The net rips apart, and Duvessa comes free!
Fire: a) +3 shortbow (vorpal)
Press: ? - help, Q - select action, (/) - cycle Shift-Dir - straight line, f/p - Duvessa
Aim: Duvessa, wielding a +3 rapier of protection and wearing a +2 scale mail of positive energy (moderately wounded, berserk, 75% to hit)
You shoot an arrow. The arrow hits Duvessa!
Duvessa is heavily wounded.
Duvessa hits you with a +3 rapier of protection.
Fire: a) +3 shortbow (vorpal)
Press: ? - help, Q - select action, (/) - cycle Shift-Dir - straight line, f/p - Duvessa
Aim: Duvessa, wielding a +3 rapier of protection and wearing a +2 scale mail of positive energy (heavily wounded, berserk, 75% to hit)
You shoot an arrow. The arrow hits Duvessa.
Duvessa is severely wounded.
Duvessa completely misses you.
Fire: a) +3 shortbow (vorpal)
Press: ? - help, Q - select action, (/) - cycle Shift-Dir - straight line, f/p - Duvessa
Aim: Duvessa, wielding a +3 rapier of protection and wearing a +2 scale mail of positive energy (severely wounded, berserk, 75% to hit)
You shoot an arrow.
The arrow hits Duvessa but does no damage.
Duvessa is severely wounded.
Duvessa hits you with a +3 rapier of protection!
* * * LOW HITPOINT WARNING * * *
Duvessa hits you with a +3 rapier of protection.
* * * LOW HITPOINT WARNING * * *
Fire: a) +3 shortbow (vorpal)
Press: ? - help, Q - select action, (/) - cycle Shift-Dir - straight line, f/p - Duvessa
Aim: Duvessa, wielding a +3 rapier of protection and wearing a +2 scale mail of positive energy (severely wounded, berserk, 75% to hit)
You shoot an arrow.
The arrow hits Duvessa but does no damage.
Duvessa is severely wounded.
Duvessa misses you.
Fire: a) +3 shortbow (vorpal)
Press: ? - help, Q - select action, (/) - cycle Shift-Dir - straight line, f/p - Duvessa
Aim: Duvessa, wielding a +3 rapier of protection and wearing a +2 scale mail of positive energy (severely wounded, berserk, 75% to hit)
You shoot an arrow.
The arrow hits Duvessa but does no damage.
Duvessa is severely wounded.
Duvessa hits you with a +3 rapier of protection!
You die...

...... ....#.##
!...... ..... .#
....... ... .##
.......###.## ..#
........#...# ).#
#...........# ..#
...............##.##
...#.....(.....e@..#
...#...........###.#
...............# #
...o...|..........#
....................
..............#.....#
...........$..#...##.
##............##....
# .......#.... ....


You could see Duvessa (berserk).

Vanquished Creatures
  Pikel (D:5)
  A troll (D:7)
  Prince Ribbit (D:5)
  Sigmund (D:4)
  A steam dragon (D:5)
  2 ogres
  A lemure (D:5)
  A centaur (D:5)
  A phantom (D:6)
  3 bullfrogs
  A necrophage (D:6)
  4 scorpions
  Dowan (D:7)
  A howler monkey (D:3)
  12 hounds
  2 jellies (D:5)
  2 orc priests (D:3)
  2 gnoll boudas
  Terence (D:3)
  3 iguanas
  3 orc wizards
  22 gnolls
  6 adders
  2 white imps
  3 dart slugs
  18 orcs
  10 ball pythons
  4 bats
  7 endoplasms
  5 giant cockroaches
  8 goblins
  4 hobgoblins
  14 jackals (D:3)
  4 quokkas
  6 frilled lizards
  5 kobolds
  2 rats (D:2)
165 creatures vanquished.

Notes
Turn   | Place    | Note
-------+----------+-------------------------------------------
     0 | D:1      | HoaS the Gargoyle Hunter began the quest for the Orb.
     0 | D:1      | Reached XP level 1. HP: 12/12 MP: 1/1
   103 | D:1      | Reached XP level 2. HP: 17/17 MP: 2/2
   581 | D:2      | Reached XP level 3. HP: 21/21 MP: 3/3
   618 | D:2      | Found a faded altar of an unknown god.
   803 | D:2      | Reached skill level 5 in Ranged Weapons
  1629 | D:3      | Reached XP level 4. HP: 26/26 MP: 4/4
  1688 | D:3      | Noticed Terence
  1889 | D:3      | Found a shadowy altar of Dithmenos.
  1903 | D:3      | Identified the ring of Dacarph {Fly rC+}
  1975 | D:3      | Reached skill level 6 in Ranged Weapons
  2005 | D:3      | Reached XP level 5. HP: 30/30 MP: 5/5
  2095 | D:3      | Reached skill level 7 in Ranged Weapons
  2095 | D:3      | Reached XP level 6. HP: 35/35 MP: 6/6
  2235 | D:3      | Reached skill level 8 in Ranged Weapons
  2245 | D:3      | Reached XP level 7. HP: 26/40 MP: 7/7
  2290 | D:3      | Reached skill level 9 in Ranged Weapons
  2443 | D:3      | Killed Terence
  2784 | D:4      | Noticed Sigmund
  2789 | D:4      | Killed Sigmund
  2790 | D:4      | Reached XP level 8. HP: 38/44 MP: 8/8
  2824 | D:4      | Reached skill level 10 in Ranged Weapons
  2857 | D:4      | Found a glowing silver altar of Zin.
  2927 | D:4      | Found a runed translucent gate.
  2988 | D:4      | Found a runed translucent gate.
  2989 | D:4      | Found a runed translucent gate.
  3019 | D:4      | Noticed eyesofgods1's ghost (amateur OpGl)
  3134 | D:5      | Entered Level 5 of the Dungeon
  3761 | D:5      | Reached skill level 11 in Ranged Weapons
  3904 | D:5      | Noticed Prince Ribbit
  3916 | D:5      | Killed Prince Ribbit
  3933 | D:5      | Noticed Pikel
  3948 | D:5      | Killed Pikel
  3949 | D:5      | Reached skill level 12 in Ranged Weapons
  3949 | D:5      | Reached XP level 9. HP: 9/48 MP: 9/9
  5131 | D:6      | Reached skill level 13 in Ranged Weapons
  5536 | D:6      | Found a staircase to the Ecumenical Temple.
  5832 | Temple   | Entered the Ecumenical Temple
  6189 | Temple   | Became a worshipper of Warmaster Okawaru
  6363 | D:7      | Noticed a troll
  6365 | D:7      | Noticed Dowan
  6370 | D:7      | Noticed Duvessa
  6374 | D:7      | Killed a troll
  6375 | D:7      | Reached skill level 1 in Invocations
  6387 | D:7      | Killed Dowan
  6595 | D:7      | Slain by Duvessa

Illustrated notes

Levels and vault maps discovered:
D:1:      saegor_arrival_fortress, layout_rooms
D:2:      layout_basic, ebering_ecumenical_altar_sacrificial,
          hangedman_decor_growths, minmay_tetromino_s2
D:3:      lemuel_castle_with_subvaults [lemuel_castle_interior_carwin_2],
          layout_basic, mainiacjoe_overflow_paths, minmay_tree_intersection,
          uniq_terence
D:4:      layout_cave_pools, lemuel_round_altar, gammafunk_ghost_icy,
          uniq_sigmund
D:5:      layout_basic, serial_rivers, chequers_serial_rivers_small_b,
          chequers_serial_rivers_micro_c, chequers_serial_rivers_room_a,
          chequers_serial_rivers_small_b, chequers_serial_rivers_micro_c,
          grunt_ministairs_8, uniq_pikel, uniq_prince_ribbit1
D:6:      layout_loops_ring, uniq_crazy_yiuf_cottage
D:7:      layout_cave_pools, minmay_strange_pillars, uniq_duvessa
Temple:   compressed_dpeg_triangle_lava_temple

Skill      XL: |  1  2  3  4  5  6  7  8  9 |
---------------+----------------------------+-----
Ranged Weapons | 5 6 7 8 9 12 13 | 13.7
Invocations    | 2 |  2.1
Fighting       | |  2.1
Dodging        | |  1.5
Stealth        | |  1.1

Action                   |  1- 3 |  4- 6 |  7- 9 || total
-------------------------+-------+-------+-------++-------
 Fire: Shortbow          |    94 |   139 |   317 ||   550
Throw: Throwing net      |       |       |     2 ||     2
  Use: Scroll            |    11 |       |     9 ||    20
       Potion            |       |       |     4 ||     4
Armor: Leather armour    |     8 |    11 |    35 ||    54
       Steam dragon scal |       |       |    19 ||    19
Dodge: Dodged            |    18 |    17 |    91 ||   126

Table legend: (Time is in decaauts)
 A = Elapsed time spent in this place.
 B = Non-inter-level travel time spent in this place.
 C = Inter-level travel time spent in this place.
 D = Time resting spent in this place.
 E = Time spent auto-exploring this place.
 F = Levels seen in this place.
 G = Mean time per level.
                   A        B        C        D        E       F      G
               +--------+--------+--------+--------+--------+-----+--------+
         Total |   6636 |   6317 |    319 |   1173 |   4181 |   8 |  829.5 |
       Dungeon |   6265 |   6004 |    261 |   1173 |   3875 |   7 |  895.0 |
        Temple |    371 |    314 |     57 |      0 |    306 |   1 |  371.0 |
               +--------+--------+--------+--------+--------+-----+--------+

Top non-repeatable levels by time:
     D:5: 1570 daAuts
     D:2: 1246 daAuts
     D:6: 957 daAuts
     D:3: 951 daAuts
     D:4: 636 daAuts
     D:1: 554 daAuts
  Temple: 371 daAuts
     D:7: 348 daAuts
